AoeStats
← GreatPerson25

Black Forest

507645888Analyzed
4v4 RM · 12d ago on Sep 19, 2026· 53m 41s· 8 players
Game mode
Random Map
Map size
Large (8 player)
Population
200
Speed
Normal
Resources
Standard
Victory
Conquest
Starting age
Dark Age
Ending age
Imperial Age
RankedLock teamsTeams togetherTeam positionsShared explorationLock speedFull tech treeHidden civsTurbo modeCheats
Victory
Defeat
🇨🇴 Tatars · Colombia
1458
+13
🇧🇷 Saracens · Brazil
1442
+13
🇺🇸 Persians · United States
1437
+13
🇺🇸 Khmer · United States
1408
+15
🇭🇰 Sicilians · Hong Kong SAR China
1542
-19
🇨🇦 Teutons · Canada
1418
-15
🇨🇦 Mongols · Canada
1360
-13
🇨🇦 Persians · Canada
1197
-7
Chigüiro
11:42 Feudal Age
16:17 Castle Age
14:24 Double-Bit Axe
17:47 Fishing Lines
19:02 Bow Saw
22:40 Wheelbarrow
23:29 Horse Collar
27:45 Stone Mining
30:39 Imperial Age
28:31 Heavy Plow
28:32 Gold Mining
28:26 Treadmill Crane
28:55 Scale Barding Armor
29:49 Gold Shaft Mining
30:25 Chain Barding Armor
30:47 Bloodlines
30:38 Husbandry
31:55 Plate Barding Armor
31:35 Guilds
31:14 Loom
31:55 Timurid Siegecraft
32:39 Conscription
32:56 Hand Cart
32:27 Town Watch
33:02 Forging
33:39 Ballistics
33:02 Elite Keshik
34:34 Iron Casting
35:33 Chemistry
34:06 Light Cavalry
35:23 Siege Engineers
37:04 Blast Furnace
35:54 Fletching
38:35 Caravan
40:06 Bodkin Arrow
46:15 Masonry
47:26 Silk Armor
47:46 Murder Holes
48:01 Heavy Cavalry Archer
49:14 Padded Archer Armor
49:16 Bracer
bobross
1:05 Loom
11:55 Feudal Age
17:00 Castle Age
15:50 Double-Bit Axe
15:46 Horse Collar
18:03 Bow Saw
21:53 Wheelbarrow
27:41 Imperial Age
26:07 Fortified Wall
26:28 Heavy Plow
27:22 Hand Cart
28:05 Ballistics
27:50 Gold Mining
29:42 Crop Rotation
29:58 Crop Rotation
29:17 Heavy Scorpion
32:38 Chemistry
32:40 Town Watch
33:56 Double Crossbow
36:54 Conscription
36:29 Light Cavalry
37:21 Bloodlines
37:11 Husbandry
38:22 Hussar
39:09 Scale Barding Armor
39:15 Forging
39:33 Caravan
40:54 Stone Mining
41:37 Chain Barding Armor
41:59 Town Patrol
44:24 Plate Barding Armor
46:31 Coinage
48:14 Iron Casting
50:08 Blast Furnace
48:59 Fletching
50:12 Banking
53:10 Hoardings
53:56 Bodkin Arrow
GreatPerson25
11:29 Feudal Age
12:10 Double-Bit Axe
19:59 Castle Age
18:21 Gold Mining
20:42 Bow Saw
21:13 Gold Shaft Mining
20:50 Fishing Lines
23:49 Imperial Age
21:38 Gillnets
22:34 Stone Mining
22:59 Scale Barding Armor
26:26 Chain Barding Armor
26:16 Forging
27:43 Bloodlines
27:33 Husbandry
27:02 Elite War Elephant
28:04 Conscription
28:01 Elite War Elephant
29:42 Masonry
29:23 Loom
29:23 Town Watch
29:53 Horse Collar
30:50 Wheelbarrow
30:35 Caravan
31:08 Heavy Plow
38:59 Chemistry
40:15 Plate Barding Armor
41:05 Hand Cart
41:26 Iron Casting
46:25 Coinage
46:58 Blast Furnace
48:12 Banking
54:50 Architecture
Tylenol
9:08 Feudal Age
9:53 Double-Bit Axe
22:16 Castle Age
20:29 Horse Collar
20:55 Gold Mining
20:57 Fishing Lines
23:19 Bow Saw
23:17 Gillnets
25:24 Wheelbarrow
25:11 Heavy Plow
30:26 Imperial Age
28:19 Hand Cart
28:33 Ballistics
28:30 Crossbowman
30:15 Gold Shaft Mining
29:31 Stone Mining
29:36 Fletching
32:17 Chemistry
32:35 Two-Man Saw
32:23 Thumb Ring
32:23 Arbalester
33:36 Bodkin Arrow
34:25 Siege Engineers
35:01 Bracer
35:03 Padded Archer Armor
42:16 Masonry
41:46 Treadmill Crane
42:23 Leather Archer Armor
44:31 Hoardings
44:02 Caravan
44:33 Coinage
43:59 Loom
44:00 Town Watch
44:57 Conscription
46:13 Arrowslits
48:10 Bimaristan
Schvank
11:40 Feudal Age
15:21 Castle Age
14:27 Double-Bit Axe
15:09 Fishing Lines
16:49 Bow Saw
18:14 Gillnets
19:49 Horse Collar
23:21 Wheelbarrow
24:27 Heavy Plow
25:09 Hand Cart
26:25 Loom
27:20 Gold Mining
27:25 Stone Mining
29:26 Gold Shaft Mining
29:27 Stone Shaft Mining
31:24 Imperial Age
29:08 Scale Barding Armor
29:14 Forging
29:08 Husbandry
29:19 Bloodlines
30:35 Chain Barding Armor
31:34 Iron Casting
32:25 Heavy Camel Rider
32:27 Elite Steppe Lancer
34:35 Blast Furnace
33:26 Fletching
34:57 Onager
36:41 Siege Onager
39:09 Conscription
39:10 Drill
40:16 Chemistry
43:28 Caravan
Discharge
2:30 Loom
11:52 Feudal Age
17:17 Castle Age
15:31 Double-Bit Axe
16:26 Horse Collar
16:39 Gold Mining
18:08 Wheelbarrow
22:30 Wheelbarrow
25:56 Hand Cart
28:36 Gold Shaft Mining
29:03 Heavy Plow
29:17 Bow Saw
30:39 Scale Barding Armor
30:45 Forging
30:26 Fletching
30:51 Pikeman
31:32 Squires
34:06 Imperial Age
31:37 Stone Mining
32:50 Ballistics
34:57 Halberdier
37:17 Two-Man Saw
36:35 Scale Mail Armor
37:10 Iron Casting
37:08 Conscription
36:51 Kamandaran
44:47 Chain Mail Armor
CSA_HW_Mercer
1:04 Loom
11:10 Feudal Age
18:48 Fletching
19:12 Double-Bit Axe
24:10 Castle Age
22:18 Stone Mining
22:10 Horse Collar
23:37 Gold Mining
25:18 Wheelbarrow
26:48 Bow Saw
28:44 Heavy Plow
29:21 Hand Cart
34:23 Imperial Age
32:40 Town Watch
33:09 Fortified Wall
34:30 Scale Mail Armor
36:17 Two-Man Saw
35:46 Conscription
34:55 Onager
36:00 Chain Mail Armor
35:51 Bodkin Arrow
36:43 Ballistics
37:23 Chemistry
37:03 Masonry
37:30 Pikeman
38:26 Forging
38:31 Chain Mail Armor
38:42 Halberdier
40:18 Iron Casting
40:34 Squires
41:35 Plate Mail Armor
42:37 Blast Furnace
41:44 Gambesons
44:04 Caravan
44:15 Town Patrol
45:50 Bombard Tower
46:32 Siphons
47:20 Ironclad
48:44 Padded Archer Armor
48:31 Arson
48:22 Elite Teutonic Knight
_
12:44 Feudal Age
13:29 Double-Bit Axe
16:12 Castle Age
15:43 Fishing Lines
17:16 Bow Saw
20:12 Horse Collar
22:19 Heavy Plow
23:57 Wheelbarrow
23:24 Gillnets
24:47 Gold Mining
26:29 Hand Cart
29:07 Imperial Age
26:48 Stone Mining
27:35 Gold Shaft Mining
28:06 Stone Shaft Mining
28:02 Masonry
28:44 Scale Barding Armor
28:50 Forging
28:54 Caravan
29:45 First Crusade
29:50 Chain Barding Armor
30:13 Conscription
29:48 Elite Serjeant
31:18 Crop Rotation
31:30 Scale Mail Armor
32:07 Iron Casting
32:49 Coinage
32:43 Chain Mail Armor
33:36 Guilds
33:58 Plate Mail Armor
34:03 Iron Casting
34:02 Onager
35:52 Chemistry
35:01 Siege Engineers
35:17 Ballistics
37:17 Blast Furnace
36:07 Fletching
35:44 Siege Onager
38:34 Bodkin Arrow
39:57 Bracer
41:08 Hoardings
44:48 Pikeman
47:36 Banking
47:28 Pikeman
48:31 Halberdier
49:12 Squires
Connection lost

Rejoining the realm…

Still unreachable

The connection could not be restored.

Session expired

The server has moved on; the page needs a fresh start.